 Dungeon Crawl Stone Soup version 0.26-a0-812-g31a745ddcd (webtiles) character file.

Game seed: 10647273717955099478

6884 kae the Martial Artist (level 11, -28/64 HPs)
             Began as a Tengu Transmuter on Nov 20, 2020.
             Was an Elder of Wu Jian.
             Killed from afar by a fire dragon (52 damage)
             ... with a blast of flame
             ... on level 10 of the Dungeon.
             The game lasted 00:10:51 (13204 turns).

kae the Martial Artist (Tengu Transmuter)          Turns: 13204, Time: 00:10:52

Health: -28/64     AC: 10    Str: 26    XL:     11   Next: 6%
Magic:  16/16      EV: 18    Int: 14    God:    Wu Jian [****..]
Gold:   466        SH:  0    Dex: 17    Spells: 3/16 levels left

rFire    . . .     SeeInvis .     - Unarmed
rCold    . . .     Faith    .   (no shield)
rNeg     . . .     Spirit   .   k - +0 scale mail "Sampiec" {Dex+3} (curse)
rPois    .         Reflect  .   (helmet restricted)
rElec    .         Harm     .   c - +0 cloak
rCorr    .         Rampage  .   w - +0 pair of gloves
MR       .....                  (boots unavailable)
Stlth    ..........             o - amulet of regeneration
HPRegen  0.60/turn              b - +6 ring of strength
MPRegen  0.15/turn              p - +6 ring of strength

@: flying quickly and evasively, quick
A: beak, talons 3, able to fly
a: Stop Flying, Wall Jump, Serpent's Lash, Renounce Religion


You were on level 10 of the Dungeon.
You worshipped Wu Jian.
Wu Jian was greatly pleased with you.
You visited 1 branch of the dungeon, and saw 12 of its levels.
You also visited: Sewer and Ossuary.

You collected 466 gold pieces.

Inventory:

Armour
 a - a +1 robe
 c - a +0 cloak (worn)
 k - the cursed +0 scale mail "Sampiec" (worn) {Dex+3}
   (You found it on level 7 of the Dungeon)

   It affects your dexterity (+3).
   It has a curse placed upon it.
 w - a +0 pair of gloves (worn)
Jewellery
 b - a +6 ring of strength (left hand)
 i - an uncursed ring of positive energy
 o - an amulet of regeneration (around neck)
 p - a +6 ring of strength (right hand)
 r - an uncursed ring of protection from cold
 y - an uncursed ring of wizardry {unknown}
Wands
 g - a wand of disintegration (7)
 v - a wand of digging (4)
 x - a wand of acid (11)
 A - a wand of polymorph (4)
Scrolls
 d - 7 scrolls of remove curse
 h - 2 scrolls of teleportation
 l - 6 scrolls of fog
 n - 4 scrolls of fear
 q - a scroll of amnesia
 u - 3 scrolls of blinking
Potions
 e - a potion of attraction
 f - 4 potions of haste
 j - a potion of might
 m - a potion of cancellation
 s - 3 potions of curing
 t - 2 potions of magic
 z - a potion of lignification


   Skills:
 + Level 6.3 Fighting
 + Level 6.7 Armour
 + Level 7.1 Dodging
 * Level 10.1 Unarmed Combat
 - Level 3.0 Spellcasting
 * Level 7.4 Transmutations


You had 3 spell levels left.
You knew the following spells:

 Your Spells              Type           Power        Failure   Level
a - Beastly Appendage     Tmut           ###...       2%          1
b - Spider Form           Tmut/Pois      ##........   30%         3
c - Blade Hands           Tmut           ###.......   52%         5
d - Ice Form              Ice/Tmut       ##......     69%         4

Your spell library contained the following spells:

 Spells                   Type           Power        Failure   Level
 Wereblood                Tmut           ###.....     3%          2


Dungeon Overview and Level Annotations

Branches:
Dungeon (12/15)            Temple (0/1) D:4            Lair (0/6) D:10
  Sewer (visited)         Ossuary (visited)
    Orc: D:9-12

Altars:
Cheibriados
Dithmenos
Elyvilon
Fedhas
Gozag
Hepliaklqana
Makhleb
Nemelex Xobeh
Qazlal
Ru
Sif Muna
Trog
Uskayaw
Vehumet
Wu Jian
Yredelemnul
The Shining One

Shops:
D:8 *   D:9 }

Annotations:
D:8 2 transporters, graki42's ghost, novice DECj


Innate Abilities, Weirdness & Mutations

You have a beak for a mouth.
You have claws for feet.
You can fly continuously.


Message History

No target in view!
No target in view!
You start resting.
A phantom is nearby!
The fire dragon roars deafeningly!
The fire dragon breathes flames at you. The blast of flame misses you.
You hear a shout!
The phantom blinks!
As you read the scroll of teleportation, it crumbles to dust.
You feel strangely unstable.
The phantom blinks!
The fire dragon breathes flames at you. The blast of flame hits you!!!
Ouch! That really hurt!
Your surroundings suddenly seem different.
The fire dragon breathes flames at you. The blast of flame hits you!!!
Ouch! That really hurt!
You die...

#. #.# # #.# .+. .
###.###. .##### ..
...#.. .... ...
#.#.#####.####..
#.............#
#...#.§.≈≈.≈..#
#####.###§§§§§@≈§.#
#........§W§D§.≈≈.....
#........§§§§§.§......
#........§§§§§§≈≈.....
+........§§§§§≈§......
#.........§§§§........
#.........§§§.........
#.....^....###..#.....
####+####### .....


You could see a fire dragon (catching breath).

Vanquished Creatures
  A two-headed ogre (D:8)
  Pikel (D:6)
  Joseph (D:7)
  A troll (D:9)
  A hornet (D:8)
  4 slime creatures (D:12)
  A yak (D:9)
  Duvessa (D:7)
  An orc warrior (D:7)
  2 ogres
  An ice beast (D:12)
  2 phantoms
  3 centaurs
  4 lemures (D:6)
  2 big kobolds
  A gnoll sergeant (D:7)
  3 bullfrogs
  Dowan (D:7)
  16 scorpions
  A killer bee (D:8)
  An electric eel (D:9)
  12 wights
  3 howler monkeys (D:8)
  3 hounds
  3 centaur skeletons
  2 jellies
  Crazy Yiuf (D:7)
  A gnoll shaman (D:7)
  2 human zombies (Ossuary)
  A bullfrog skeleton (D:7)
  3 orc priests
  5 centaur zombies
  An iguana (D:7)
  7 orc wizards
  2 worker ants
  A big kobold zombie (Ossuary)
  A hound skeleton (D:7)
  3 mummies (Ossuary)
  2 howler monkey zombies
  Robin (D:2)
  A scorpion zombie (Ossuary)
  13 gnolls
  12 adders
  A river rat (Sewer)
  4 shadow imps
  A white imp (D:7)
  2 ufetubi
  An ooze (D:2)
  An adder skeleton (D:4)
  An adder zombie (D:6)
  3 worms
  2 dart slugs
  7 leopard geckos
  19 orcs
  4 ball pythons (Sewer)
  9 bats
  7 giant cockroaches
  14 hobgoblins
  16 jackals
  11 kobolds
  4 quokkas
  A ball python skeleton (D:4)
  11 frilled lizards
  3 gnoll zombies (Ossuary)
  15 goblins
  A goblin zombie (Ossuary)
  3 hobgoblin zombies (Ossuary)
  3 orc zombies (Ossuary)
  7 rats
280 creatures vanquished.

Vanquished Creatures (others)
  A kobold (D:8)
1 creature vanquished.

Grand Total: 281 creatures vanquished

Notes
Turn   | Place    | Note
-------+----------+-------------------------------------------
     0 | D:1      | kae the Tengu Transmuter began the quest for the Orb.
     0 | D:1      | Reached XP level 1. HP: 12/12 MP: 4/4
   308 | D:1      | Reached XP level 2. HP: 11/16 MP: 4/6
  1184 | D:1      | Reached XP level 3. HP: 20/20 MP: 5/7
  2308 | D:2      | Learned a level 3 spell: Spider Form
  2337 | D:2      | Reached XP level 4. HP: 24/25 MP: 8/8
  2342 | D:2      | Reached skill level 4 in Unarmed Combat
  2350 | D:2      | Noticed Robin
  2364 | D:1      | Reached skill level 1 in Armour
  2801 | D:2      | Killed Robin
  3293 | D:2      | Found a sacrificial altar of Ru.
  3293 | D:2      | Found a sparkling altar of Nemelex Xobeh.
  3299 | D:2      | Found a burning altar of Makhleb.
  3301 | D:2      | Found a hide-covered altar of Uskayaw.
  3302 | D:2      | Found a radiant altar of Vehumet.
  3385 | D:2      | Gained mutation: You can fly continuously. [Tengu growth]
  3385 | D:2      | Reached XP level 5. HP: 28/30 MP: 7/9
  4043 | D:2      | Found a faded altar of an unknown god.
  4752 | D:3      | Found a shadowy altar of Dithmenos.
  4753 | D:3      | Found a shimmering blue altar of Sif Muna.
  4854 | D:3      | Found an ornate altar of the Wu Jian Council.
  5145 | D:3      | Found a glowing golden altar of the Shining One.
  5277 | D:3      | Became a worshipper of the Wu Jian Council
  5382 | D:4      | Found a white marble altar of Elyvilon.
  5508 | D:4      | Found a snail-covered altar of Cheibriados.
  5660 | D:4      | Reached XP level 6. HP: 31/35 MP: 11/11
  5874 | D:4      | Found a staircase to the Ecumenical Temple.
  6109 | D:5      | Entered Level 5 of the Dungeon
  6121 | D:4      | Reached skill level 5 in Unarmed Combat
  6121 | D:4      | Reached XP level 7. HP: 16/40 MP: 9/12
  6934 | D:5      | Reached * piety under Wu Jian
  7758 | D:6      | Found a glowing drain.
  7762 | Sewer    | Entered a sewer
  8059 | D:6      | Noticed Pikel
  8077 | D:6      | Killed Pikel
  8077 | D:6      | Reached skill level 6 in Unarmed Combat
  8077 | D:6      | Reached XP level 8. HP: 23/47 MP: 10/13
  8098 | D:6      | Found a sand-covered staircase.
  8103 | Ossuary  | Entered an ossuary
  8318 | Ossuary  | Reached ** piety under Wu Jian
  8345 | Ossuary  | Reached skill level 7 in Unarmed Combat
  8516 | Ossuary  | Reached skill level 5 in Dodging
  8523 | Ossuary  | Reached XP level 9. HP: 47/52 MP: 11/14
  8538 | Ossuary  | Reached skill level 5 in Transmutations
  9152 | D:6      | Found a hazy altar of Hepliaklqana.
  9732 | D:7      | Got a bloodstained scale mail
  9733 | D:7      | Noticed Dowan
  9734 | D:7      | Reached skill level 8 in Unarmed Combat
  9735 | D:7      | Noticed Duvessa
  9750 | D:7      | Killed Duvessa
  9758 | D:7      | Reached skill level 5 in Armour
  9963 | D:6      | Learned a level 5 spell: Blade Hands
  9968 | D:6      | Learned a level 4 spell: Ice Form
  9973 | D:7      | Killed Dowan
  9977 | D:7      | Reached skill level 5 in Fighting
  9980 | D:7      | Reached *** piety under Wu Jian
 10421 | D:7      | Found a basalt altar of Yredelemnul.
 10429 | D:7      | Reached XP level 10. HP: 59/59 MP: 15/15
 10438 | D:7      | Noticed Joseph
 10450 | D:7      | Killed Joseph
 10848 | D:7      | Found a runed translucent door.
 10849 | D:7      | Noticed Crazy Yiuf
 11027 | D:7      | Reached skill level 9 in Unarmed Combat
 11226 | D:7      | Killed Crazy Yiuf
 11404 | D:8      | Identified the cursed +0 scale mail "Sampiec" {Dex+3} (You
                  | found it on level 7 of the Dungeon)
 11409 | D:8      | Found Pinobboh's Demolitions Depot.
 11428 | D:8      | Found a transporter.
 11438 | D:8      | Found a bloodstained altar of Trog.
 11438 | D:8      | Noticed graki42's ghost (novice DECj)
 11438 | D:8      | Identified the +9 short sword of Kismet {flame, *Slow Str+5
                  | Dex-5 SInv Stlth+}
 11441 | D:8      | Noticed a moth of wrath
 11448 | D:8      | Found a transporter.
 11466 | D:8      | Paralysed by a hornet for 1 turns
 11912 | D:8      | Found a blossoming altar of Fedhas.
 12326 | D:8      | Noticed a two-headed ogre
 12332 | D:8      | Killed a two-headed ogre
 12332 | D:8      | Reached **** piety under Wu Jian
 12484 | D:8      | Found a stormy altar of Qazlal.
 12588 | D:9      | Found an opulent altar of Gozag.
 12588 | D:9      | Found Hitwae's Gadget Emporium.
 12716 | D:9      | Found a burning altar of Makhleb.
 12716 | D:9      | Noticed a blizzard demon
 12897 | D:9      | You are sucked into a shaft and drop 3 floors!
 12956 | D:12     | Reached skill level 10 in Unarmed Combat
 12956 | D:12     | Reached XP level 11. HP: 20/64 MP: 16/16
 13067 | D:12     | Noticed a six-headed hydra
 13150 | D:10     | Entered Level 10 of the Dungeon
 13166 | D:10     | Noticed a fire dragon
 13190 | D:10     | Found a staircase to the Lair.
 13204 | D:10     | Killed from afar by a fire dragon

Illustrated notes

Levels and vault maps discovered:
D:1:      co_arrival_square_in_a_square_in_a_square, layout_loops_corners
D:2:      layout_loops_corners, chequers_temple_overflow_minitemple,
          chequers_ecumenical_altar_grove, corexii_shack, uniq_robin
D:3:      layout_basic, lemuel_crystal_altar, minitemple, tso_altar,
          minmay_pentomino_pile
D:4:      layout_loops_ring, kennysheep_slug_shrine, lemuel_round_altar,
          minmay_temple_entry_proselytizer
D:5:      layout_basic
D:6:      layout_rooms, kennysheep_mini_moat, enter_ossuary_2,
          gup_sewer_entry_spiral, uniq_pikel
D:7:      layout_loops_ring, lemuel_doored_altar, kennysheep_generic_room_7,
          uniq_joseph, uniq_duvessa, uniq_crazy_yiuf_cottage
D:8:      layout_rooms, kennysheep_little_box, marbit_many_paths,
          gammafunk_ghost_wrathful_warriors, nicolae_blasting_shop,
          minmay_holes, small_statue_intersection
D:9:      layout_basic, serial_shops, shop, shop, shop, basic_altar, serial_ice,
          serial_ice_e, serial_ice_k, serial_ice_o, serial_ice_b,
          makhleb_altar_promises_db, uniq_prince_ribbit1
D:10:     layout_roguey, minmay_lair_entry_lava
D:11:     layout_long_grid, basic_altar
D:12:     layout_rooms, serial_curves, eino_curves_01, eino_curves_03,
          minmay_circle_x

Skill      XL: |  1  2  3  4  5  6  7  8  9 10 |
---------------+-------------------------------+-----
Transmutations | 2 3 4 6 7 |  7.4
Unarmed Combat | 4 5 6 7 8 10 | 10.1
Armour         | 1 2 3 4 5 6 |  6.7
Dodging        | 3 4 5 6 7 |  7.1
Fighting       | 2 3 4 5 6 |  6.3
Spellcasting   | 3 |  3.0

Action                   |  1- 3 |  4- 6 |  7- 9 | 10-12 || total
-------------------------+-------+-------+-------+-------++-------
Melee: Unarmed           |   109 |   157 |   386 |   174 ||   826
       Kick              |    16 |    16 |    49 |    65 ||   146
       Peck              |     7 |    12 |    28 |    42 ||    89
       Headbutt          |    13 |     4 |    16 |    13 ||    46
       Punch             |       |     1 |     3 |     8 ||    12
 Cast: Beastly Appendage |    21 |    17 |     9 |     9 ||    56
       Spider Form       |       |    10 |    25 |     1 ||    36
       Ice Form          |       |       |     1 |       ||     1
       Blade Hands       |       |       |       |     2 ||     2
Invok: Lunge             |       |     2 |    29 |    15 ||    46
       Whirlwind         |       |       |     4 |    16 ||    20
 Abil: Fly               |       |     1 |       |       ||     1
Evoke: Wand              |       |       |       |     1 ||     1
  Use: Scroll            |       |     5 |    15 |     5 ||    25
       Potion            |       |       |     3 |       ||     3
 Stab: Sleeping          |     2 |       |     3 |       ||     5
Armor: Robe              |    18 |     9 |     5 |     3 ||    35
       Skin              |       |     1 |    15 |     1 ||    17
       Scale mail        |       |       |       |    21 ||    21
Dodge: Dodged            |    73 |   173 |   285 |   115 ||   646

Table legend: (Time is in decaauts)
 A = Elapsed time spent in this place.
 B = Non-inter-level travel time spent in this place.
 C = Inter-level travel time spent in this place.
 D = Time resting spent in this place.
 E = Time spent auto-exploring this place.
 F = Levels seen in this place.
 G = Mean time per level.
                   A        B        C        D        E       F      G
               +--------+--------+--------+--------+--------+-----+--------+
         Total |  12705 |  12297 |    408 |   2326 |   7880 |  14 |  907.5 |
       Dungeon |  11536 |  11128 |    408 |   2046 |   7497 |  12 |  961.3 |
         Sewer |    255 |    255 |      0 |      0 |      0 |   1 |  255.0 |
       Ossuary |    913 |    913 |      0 |    280 |    383 |   1 |  913.0 |
               +--------+--------+--------+--------+--------+-----+--------+

Top non-repeatable levels by time:
     D:1: 2293 daAuts
     D:2: 1858 daAuts
     D:4: 1413 daAuts
     D:7: 1265 daAuts
     D:6: 1154 daAuts
     D:8: 1147 daAuts
     D:3: 1032 daAuts
 Ossuary: 913 daAuts
     D:5: 786 daAuts
     D:9: 295 daAuts
   Sewer: 255 daAuts
    D:12: 171 daAuts
    D:11: 66 daAuts
    D:10: 50 daAuts
